 Dungeon Crawl Stone Soup version 0.16-a0-956-g65bd446 (webtiles) character file.

138 MRaven the Ruffian (level 5, 0/53 HPs)
             Began as a Troll Monk on Oct 1, 2014.
             Succumbed to poison (a potion of poison)
             ... on Level 3 of the Dungeon.
             The game lasted 00:06:41 (1650 turns).

MRaven the Ruffian (Troll Monk)                     Turns: 1650, Time: 00:06:42

HP   0/53        AC  5     Str 20      XL: 5   Next:  1%
MP   2/2         EV 16     Int 11      God:
Gold 60          SH  0     Dex 17      Spells:  0 memorised,  4 levels left

rFire  . . .     SeeInvis .       - Unarmed
rCold  . . .     Clarity  .     a - +0 robe
rNeg   . . .     rCorr    .     (shield restricted)
rPois  .         rRot     .     (helmet restricted)
rElec  .         Spirit   .     (no cloak)
SustAb .         Warding  .     (gloves unavailable)
rMut   .         Stasis   .     (boots unavailable)
Gourm  +                        (no amulet)
MR     .....                    (no ring)
                                (no ring)

@: confused, brilliant, agile, lethally poisoned, very slightly contaminated,
hasted, very quick, not resistant to hostile enchantments, unstealthy
A: unfitting armour, claws 3, fast metabolism 3, gourmand, regeneration 2,
saprovore 2, shaggy fur 1, tough skin 2
a: no special abilities


You were on level 3 of the Dungeon.
You were very full.

You visited 1 branch of the dungeon, and saw 3 of its levels.

You collected 60 gold pieces.

Inventory:

Armour
 a - a +0 robe (worn)
Comestibles
 b - 2 meat rations
 f - a slice of pizza
 g - a chunk of bat flesh
 i - 2 bread rations
 n - a beef jerky
 p - a chunk of adder flesh
 q - a rotting chunk of hobgoblin flesh
Scrolls
 k - 2 scrolls of teleportation
Jewellery
 h - an uncursed amulet of faith {unknown}
Potions
 m - a potion of curing {unknown}


   Skills:
 + Level 3.0 Fighting
 + Level 3.1 Dodging
 - Level 1.1 Stealth
 * Level 5.4 Unarmed Combat


You had 4 spell levels left.
You didn't know any spells.

Dungeon Overview and Level Annotations

Branches:
Dungeon (3/15)

Altars:


Innate Abilities, Weirdness & Mutations

You are too large for most types of armour.
You have claws for hands.
Your metabolism is lightning-fast.
You like to eat raw meat.
You heal very quickly.
You can eat rotten meat.
You are covered in fur (AC +1).
You have very tough skin (AC +2).


Message History

* * * LOW HITPOINT WARNING * * *
You feel sick. Something hits you.
* * * LOW HITPOINT WARNING * * *
The orc hits you with a hand axe!
* * * LOW HITPOINT WARNING * * *
Drink which item? (? for menu, Esc to quit)
Magic courses through your body.
It was a potion of magic.
* * * LOW HITPOINT WARNING * * *
You feel sick.
You hear some strange, mumbled words.
Something tries to affect you, but you resist.
Drink which item? (? for menu, Esc to quit)
You feel agile all of a sudden.
It was a potion of agility.
* * * LOW HITPOINT WARNING * * *
You feel sick. The orc closely misses you.
Drink which item? (? for menu, Esc to quit)
You feel clever all of a sudden.
It was a potion of brilliance.
You die...

.........#...#..###########
..................#
.........###.#..#......
.#######.....#..#.....
..#######.##..#..# ....
..............#..# ...
...######........#
##########.##.#
.......{@.....#
...?...o..###.....
########## #.## ..


You could see an orc.

Vanquished Creatures
  An orc wizard (D:3)
  4 adders
  3 worms (D:2)
  3 giant geckos (D:2)
  An ooze (D:2)
  2 orcs (D:3)
  2 ball pythons (D:1)
  4 bats
  3 giant cockroaches (D:2)
  5 hobgoblins
  5 jackals (D:2)
  8 goblins
  7 kobolds
  5 rats
53 creatures vanquished.

Notes
Turn   | Place    | Note
--------------------------------------------------------------
     0 | D:1      | MRaven, the Troll Monk, began the quest for the Orb.
     0 | D:1      | Reached XP level 1. HP: 22/22 MP: 1/1
   299 | D:1      | Reached XP level 2. HP: 27/29 MP: 1/1
   824 | D:2      | Reached XP level 3. HP: 36/36 MP: 2/2
  1084 | D:2      | Reached XP level 4. HP: 18/44 MP: 2/2
  1266 | D:2      | Reached skill level 5 in Unarmed Combat
  1639 | D:3      | Reached XP level 5. HP: 28/53 MP: 2/2
  1649 | D:3      | HP: 1/53 [poison (a potion of poison)]
  1650 | D:3      | Succumbed to poison (a potion of poison)

Action                   |  1- 3 |  4- 6 || total
-------------------------+-------+-------++-------
Melee: Unarmed           |   101 |    64 ||   165
  Use: Scroll            |     3 |     1 ||     4
       Potion            |       |     5 ||     5
 Stab: Sleeping          |     2 |     1 ||     3
  Eat: Chunk             |    13 |     7 ||    20
